[Event "*** Titled Tuesday Blitz"]
[Site "Chess.com"]
[Date "2020.03.03"]
[Round "9"]
[White "GadimbayliA"]
[Black "pouya21"]
[Result "0-1"]
[WhiteElo "2897"]
[BlackElo "2785"]
[TimeControl "180+1"]
[EndTime "10:41:22 PST"]
[Termination "pouya21 won by resignation"]

1. e4 c5 2. Nf3 d6 3. d4 cxd4 4. Nxd4 Nf6 5. Nc3 a6 6. g3 e6 7.
Bg2 Bd7 8. O-O Nc6 9. Be3 Rc8 10. Nde2 Ne5 11. h3 Nc4 12. Bc1 h5 13. b3 Ne5 14. Bg5 Be7 15. Kh1 h4 16. f4 Neg4 17. Qd3 hxg3 18. Qxg3 Nh6 19. Bf3 b5 20. e5 Nf5 21.
Qh2 dxe5 22. fxe5 Nh5 23. Bxe7 Qxe7 24. Rad1 Rxc3 25. Nxc3 Nhg3+ 26. Kg1 Nxf1 27. Rxf1 Qc5+ 0-1

[Event "*** Titled Tuesday Blitz"]
[Site "Chess.com"]
[Date "2020.03.03"]
[Round "9"]
[White "vaishali2001"]
[Black "HrvojeZagreb"]
[Result "1-0"]
[WhiteElo "2476"]
[BlackElo "2230"]
[TimeControl "180+1"]
[EndTime "10:41:32 PST"]
[Termination "vaishali2001 won by resignation"]

1. d4 e6 2. Nc3 d5 3. Nf3 f5 4. Bf4 c6 5. Ne5 Nf6 6. f3 Nbd7 7. Qd3 Bb4 8. O-O-O O-O 9. a3 Ba5 10. g4 Nxe5 11. Bxe5 fxg4 12. Rg1 Bc7 13. fxg4 Bxe5 14. dxe5 Nd7 15. g5 Nxe5 16. Qg3 Ng6 17. h4 Qb6 18. h5 Nh4 19. h6 Nf5 20. Qh2 g6 21. e4 Qe3+ 22.
Kb1 dxe4 23. Bh3 Nh4 24. Qe5 Rf7 25. Qh8+ Kxh8 26. Rd8+ 1-0

[Event "*** Titled Tuesday Blitz"]
[Site "Chess.com"]
[Date "2020.03.03"]
[Round "9"]
[White "GMKrikor"]
[Black "IMDT02"]
[Result "1-0"]
[WhiteElo "2805"]
[BlackElo "2478"]
[TimeControl "180+1"]
[EndTime "10:41:37 PST"]
[Termination "GMKrikor won by resignation"]

1. Nf3 Nf6 2. c4 g6 3. Nc3 Bg7 4. e4 d6 5. d4 O-O 6. h3 Na6 7.
Be3 c6 8. Be2 Nc7 9. O-O e5 10.
d5 c5 11. Nd2 Re8 12. a3 b6 13. b4 Bd7 14. Rb1 Qe7 15. Qc2 h5 16. bxc5 bxc5 17. Rb7 Qd8 18. Rfb1 Qc8 19. Kh2 Nh7 20. Bd1 f5 21.
exf5 gxf5 22. Bxh5 f4 23. Bxe8 Nxe8 24. Bxc5 Qxc5 25.
Rxd7 Qxf2 26. Nce4 Qh4 27. Nf3 Qh6 28. Rbb7 Rc8 29.
c5 dxc5 30. d6 Qg6 31. Qc4+ Kh8 32. Re7 Nef6 33. Rxg7 1-0

[Event "*** Titled Tuesday Blitz"]
[Site "Chess.com"]
[Date "2020.03.03"]
[Round "9"]
[White "adricalderon8"]
[Black "Witik"]
[Result "0-1"]
[WhiteElo "2429"]
[BlackElo "2652"]
[TimeControl "180+1"]
[EndTime "10:41:38 PST"]
[Termination "Witik won by resignation"]

1. e4 c6 2. d4 d5 3. Nc3 dxe4 4. Nxe4 Nf6 5. Nxf6+ exf6 6. Nf3 Bd6 7. Be2 O-O 8. O-O Re8 9. Re1 Nd7 10. c4 Nf8 11. Be3 Ng6 12. g3 Bh3 13. Bf1 Qd7 14. Bg2 h5 15. Qe2 Bxg2 16. Kxg2 h4 17. Nd2 b5 18. b3 Bb4 19. Rad1 Qf5 20. Qf3 h3+ 21. Kg1 Qxf3 22.
Nxf3 Bxe1 23. Nxe1 bxc4 24. bxc4 a5 25. Nd3 Ne7 26. g4 f5 27. f3 fxg4 28. fxg4 Ng6 29. Kf2 Re4 30. Nc5 Rxg4 31. Kf3 Rg2 32. d5 Ne5+ 33.
Ke4 Nxc4 34. dxc6 Re8+ 35. Kd4 Nxe3 36. Rb1 Rd2+ 37. Kc3 Rc2+ 38. Kd4 Nf5+ 39. Kd5 Ne7+ 40. Kd6 Nxc6 0-1

[Event "*** Titled Tuesday Blitz"]
[Site "Chess.com"]
[Date "2020.03.03"]
[Round "9"]
[White "M1711"]
[Black "Martins-BR"]
[Result "0-1"]
[WhiteElo "2511"]
[BlackElo "2342"]
[TimeControl "180+1"]
[EndTime "10:41:46 PST"]
[Termination "Martins-BR won by checkmate"]

1. Nf3 f5 2. g3 Nf6 3. Bg2 g6 4. O-O Bg7 5. d4 O-O 6. c4 d6 7. Nc3 c6 8. b3 Na6 9. Bb2 Qc7 10. d5 e5 11. dxe6 Bxe6 12. Nd4 Bf7 13. e4 fxe4 14. Nxe4 Nxe4 15. Bxe4 Rad8 16. Bg2 d5 17. cxd5 Bxd5 18. Bh3 Qf7 19. Qd2 Nc5 20. Rad1 Ne4 21. Qe3 h6 22. Bg2 Ng5 23. Qc1 Bxg2 24. Kxg2 Bxd4 25. Bxd4 Qf3+ 26. Kg1 Nh3# 0-1

[Event "*** Titled Tuesday Blitz"]
[Site "Chess.com"]
[Date "2020.03.03"]
[Round "9"]
[White "Kotofeyca"]
[Black "davserr65"]
[Result "1/2-1/2"]
[WhiteElo "2333"]
[BlackElo "2065"]
[TimeControl "180+1"]
[EndTime "10:41:52 PST"]
[Termination "Game drawn by agreement"]

1. d4 Nf6 2. c4 g6 3. f3 d5 4. cxd5 Nxd5 5. e4 Nb6 6. Nc3 Bg7 7. Be3 O-O 8. Qd2 Nc6 9. O-O-O e5 10. d5 Nd4 11. Nb5 Nxb5 12. Bxb5 a6 13. Be2 Bd7 14. h4 Bb5 15. h5 Re8 16. Bh6 Bh8 17. hxg6 hxg6 18.
Kb1 c6 19. d6 Qd7 20. Be3 Nc4 21. Bxc4 Bxc4 22. g4 Bg7 23. Qh2 Rad8 24. Qh7+ Kf8 25. Bh6 f6 26. Qh8+ Bg8 27. Ne2 Bxh6 28. Qxh6+ Qg7 29.
Qe3 Qf7 30. b3 Rd7 31. Rd2 Red8 32. Rhd1 Qe6 33. Qh6+ Kf7 1/2-1/2

[Event "*** Titled Tuesday Blitz"]
[Site "Chess.com"]
[Date "2020.03.03"]
[Round "9"]
[White "FairChess_on_YouTube"]
[Black "NTBT_DHS"]
[Result "1-0"]
[WhiteElo "3033"]
[BlackElo "2710"]
[TimeControl "180+1"]
[EndTime "10:41:59 PST"]
[Termination "FairChess_on_YouTube won by resignation"]

1. c4 Nf6 2. Nc3 g6 3. d4 Bg7 4. e4 O-O 5. h3 d6 6. Be3 e5 7. d5 Nh5 8. g3 Qe8 9. Be2 f5 10. exf5 Nf6 11. fxg6 Qxg6 12. Nf3 Na6 13. Nh4 Qf7 14. g4 Nc5 15. Qc2 a5 16. O-O-O a4 17. g5 Nfd7 18. g6 hxg6 19. Nxg6 Re8 20. Rdg1 e4 21. Bh5 Qf6 22. Nf4 Re7 23. Be2 a3 24.
Nh5 axb2+ 25. Qxb2 Qe5 26. Bh6 Rxa2 27. Bxg7 Rxg7 28.
Nxa2 Rxg1+ 29. Rxg1+ Kf8 30. h4 Na4 31. Qxe5 Nxe5 32.
Nf6 Bf5 33. h5 Kf7 34. Ng8 Bh7 35. Nh6+ Kf8 36. Ng4 Nd7 37. Ne3 Nac5 38. Nc3 Ne5 39. Nb5 Na6 40. Nd4 Kf7 41. Ne6 Kf6 42. Rg7 Bf5 43.
Nxf5 Kxf5 44. h6 Nb4 45. h7 1-0

[Event "*** Titled Tuesday Blitz"]
[Site "Chess.com"]
[Date "2020.03.03"]
[Round "9"]
[White "Monmoransy"]
[Black "SanchezKelvin"]
[Result "1-0"]
[WhiteElo "2600"]
[BlackElo "2357"]
[TimeControl "180+1"]
[EndTime "10:42:09 PST"]
[Termination "Monmoransy won by resignation"]

1. e4 c5 2. Nf3 d6 3. d4 cxd4 4. Qxd4 Nc6 5. Bb5 Qa5+ 6. Nc3 Qxb5 7. Nxb5 Nxd4 8. Nfxd4 Kd8 9. c4 e6 10. Be3 a6 11.
Nc3 Kc7 12. Ke2 Bd7 13. a4 Ne7 14. Rhc1 Rc8 15. a5 Kb8 16. Na4 Nc6 17. Nb6 Nxd4+ 18.
Bxd4 Rc7 19. Nxd7+ Rxd7 20. Rd1 Be7 21. Rd3 Rc8 22. b3 g6 23. Rad1 Bd8 24. Bc3 Bc7 25. Bb4 Rcd8 26. g3 f5 27. e5 d5 28. f4 Kc8 29.
cxd5 Rxd5 30. Rxd5 Rxd5 31. Rxd5 exd5 32. e6 b6 33. Kd3 bxa5 34. Bc5 Kd8 35. Kd4 Ke8 36.
Kxd5 h6 37. Kc6 Bd8 38. h4 g5 39. fxg5 hxg5 40. h5 f4 41. gxf4 gxf4 42. h6 Bf6 43.
h7 Bc3 44. Kd5 1-0

[Event "*** Titled Tuesday Blitz"]
[Site "Chess.com"]
[Date "2020.03.03"]
[Round "9"]
[White "SHIVACalypso"]
[Black "annacramling"]
[Result "1-0"]
[WhiteElo "2186"]
[BlackElo "1932"]
[TimeControl "180+1"]
[EndTime "10:42:12 PST"]
[Termination "SHIVACalypso won by resignation"]

1. Nf3 c5 2. c4 Nc6 3. Nc3 e5 4. g3 d6 5. Bg2 g6 6. O-O Bg7 7. Ne1 Nge7 8. Nc2 Be6 9. Ne3 O-O 10. Ned5 f5 11. d3 h6 12. Rb1 Nb4 13. a3 Nbxd5 14.
cxd5 Bd7 15. b4 b6 16. bxc5 bxc5 17. Nb5 Bxb5 18. Rxb5 Rb8 19. Qb3 Rxb5 20. Qxb5 Qc7 21. Bd2 Rb8 22. Qa4 Nc8 23. Qe8+ Kh7 24. e4 Nb6 25. Qe6 fxe4 26. Bxe4 Bf8 27. Qxg6+ Kh8 28. Bxh6 Bxh6 29. Qxh6+ Kg8 30. f4 Rf8 31. Qe6+ Kh8 32.
Rf3 c4 33. g4 cxd3 34. Rh3+ 1-0

[Event "*** Titled Tuesday Blitz"]
[Site "Chess.com"]
[Date "2020.03.03"]
[Round "9"]
[White "Kobalia"]
[Black "Danfii"]
[Result "1-0"]
[WhiteElo "2612"]
[BlackElo "2405"]
[TimeControl "180+1"]
[EndTime "10:42:13 PST"]
[Termination "Kobalia won by resignation"]

1. e4 e5 2. Nf3 Nc6 3. Bb5 a6 4. Ba4 Nf6 5. O-O b5 6. Bb3 Bc5 7. a4 Rb8 8. c3 d6 9. d4 Bb6 10. a5 Ba7 11. h3 O-O 12. Be3 Ra8 13. Nbd2 h6 14. Re1 Re8 15. Qb1 Bb7 16. Qa2 Qe7 17.
dxe5 Nxe5 18. Bxa7 Rxa7 19. Nd4 c5 20. Nf5 Qc7 21. Re3 c4 22. Bc2 h5 23. Rae1 g6 24.
Nd4 Nc6 25. Nxc6 Bxc6 26. Nf3 Qb7 27. Qb1 Kg7 28. e5 dxe5 29. Nxe5 Bxg2 30. Bxg6 Bxh3 31. Rxh3 Rxe5 32. Rxe5 fxg6 33. Rhe3 Ng4 34. Re6 Qf7 35. Re2 Nxf2 36. Qf1 Ng4 37. Qxf7+ Kxf7 38. Rb6 Rd7 39.
Rxa6 Rd1+ 40. Kg2 Kg7 41. Ree6 Rd2+ 42. Kg3 Rxb2 43. Rxg6+ Kf7 44. Rgb6 Rb3 45. Ra7+ 1-0

[Event "*** Titled Tuesday Blitz"]
[Site "Chess.com"]
[Date "2020.03.03"]
[Round "9"]
[White "saisree"]
[Black "Eliclax"]
[Result "1-0"]
[WhiteElo "2275"]
[BlackElo "1911"]
[TimeControl "180+1"]
[EndTime "10:42:15 PST"]
[Termination "saisree won by resignation"]

1. e4 e5 2. Nf3 Nc6 3. Bc4 Bc5 4.
c3 d6 5. d3 h6 6. Nbd2 Bg4 7.
Nf1 Nf6 8. Ng3 O-O 9. h3 Be6 10.
Bb3 Qe7 11. O-O Rad8 12. Re1 d5 13. exd5 Bxd5 14. d4 Bxb3 15. Qxb3 Bd6 16. dxe5 Nxe5 17. Nxe5 Bxe5 18. Bf4 Rd5 19. Qxb7 a5 20. c4 Rc5 21. b4 axb4 22. Qxb4 Qd6 23. Rad1 Rc6 24. Rxd6 Bxd6 25. Bxd6 cxd6 26. Nf5 Rfc8 27. Ne7+ Kh7 28.
Nxc6 Rxc6 29. a4 Rc8 30. a5 Nd7 31. Re7 Nc5 32. Qb5 Ra8 33. Rxf7 Kg6 34. Rc7 Kf6 35. Rxc5 dxc5 36. Qc6+ Ke5 37. Qd5+ 1-0

[Event "*** Titled Tuesday Blitz"]
[Site "Chess.com"]
[Date "2020.03.03"]
[Round "9"]
[White "BeanScreen"]
[Black "Mikedannnn"]
[Result "1-0"]
[WhiteElo "2646"]
[BlackElo "2527"]
[TimeControl "180+1"]
[EndTime "10:42:16 PST"]
[Termination "BeanScreen won by resignation"]

1. e4 c5 2. Nf3 e6 3. d4 cxd4 4.
Nxd4 Nc6 5. Nc3 Qc7 6. g3 a6 7. Bg2 Nf6 8. O-O Be7 9. Re1 O-O 10. Nxc6 dxc6 11. e5 Rd8 12. Qf3 Nd5 13. Nxd5 cxd5 14. c3 b5 15. Be3 Bb7 16. Bd4 Rac8 17. Qg4 Bc5 18. Rad1 Qb6 19. h4 Bxd4 20. Rxd4 Rc4 21. Red1 Rdc8 22. Bf1 Rxd4 23. Rxd4 a5 24. Bd3 Ba6 25.
Qh5 h6 26. Rg4 Kf8 27. Rf4 Rc7 28. Qg6 b4 29. Bxa6 Qxa6 30. Qh7 Rc4 31. Rf3 Rg4 32. Qh8+ Ke7 33. Qb8 Rc4 34. Qg8 1-0

[Event "*** Titled Tuesday Blitz"]
[Site "Chess.com"]
[Date "2020.03.03"]
[Round "9"]
[White "ZenBull"]
[Black "AlexTruskavetsky"]
[Result "0-1"]
[WhiteElo "2153"]
[BlackElo "2389"]
[TimeControl "180+1"]
[EndTime "10:42:19 PST"]
[Termination "AlexTruskavetsky won by resignation"]

1. Nf3 Nf6 2. c4 g6 3. Nc3 Bg7 4. e4 O-O 5. d4 c5 6. d5 e6 7. h3 exd5 8. exd5 d6 9. Bd3 Re8+ 10. Be3 Nfd7 11. O-O Ne5 12. Nxe5 Bxe5 13. Qd2 Nd7 14.
Rfe1 Nf8 15. Bf4 f5 16. Bxe5 dxe5 17. a3 b6 18. b4 e4 19. Bf1 Ba6 20. b5 Bb7 21. a4 Qd6 22. a5 Nd7 23. Ra3 Rad8 24. axb6 axb6 25. Ra7 Bc8 26. Qh6 Re7 27. Qg5 Rde8 28. g3 Ne5 29. Rxe7 Nf3+ 30. Kg2 Nxe1+ 31. Kh2 0-1

[Event "*** Titled Tuesday Blitz"]
[Site "Chess.com"]
[Date "2020.03.03"]
[Round "9"]
[White "doons21"]
[Black "MarcoRiehle"]
[Result "0-1"]
[WhiteElo "2591"]
[BlackElo "2749"]
[TimeControl "180+1"]
[EndTime "10:42:21 PST"]
[Termination "MarcoRiehle won by resignation"]

1. e4 e5 2. Nf3 Nf6 3. Nc3 Nc6 4. g3 d5 5. exd5 Nxd5 6. Bg2 Nxc3 7. bxc3 Bc5 8. O-O O-O 9. Re1 Re8 10. d4 Bb6 11.
dxe5 Qxd1 12. Rxd1 Bg4 13. Bf4 Rad8 14. Rd3 Bf5 15. Rxd8 Rxd8 16. Rc1 h6 17. Kf1 g5 18. Be3 Bxe3 19. fxe3 Be4 20. Ke2 b6 21. Bh3 Bxf3+ 22.
Kxf3 Nxe5+ 23. Ke4 Nc4 24. Bf1 Nd2+ 25. Kf5 Rd5+ 26.
Kf6 Kf8 27. Bd3 c5 28. c4 Rd6+ 29. Ke5 Ke7 30. h4 f6+ 31. Kf5 Nf3 32. hxg5 fxg5 33.
Ke4 Nd2+ 34. Kf5 Rf6+ 35. Ke5 Re6+ 36. Kd5 Nf3 37. Rf1 Rd6+ 38. Ke4 Nd2+ 39. Ke5 Nxf1 40. Bxf1 Re6+ 41. Kf5 Rxe3 0-1

[Event "*** Titled Tuesday Blitz"]
[Site "Chess.com"]
[Date "2020.03.03"]
[Round "9"]
[White "marcodobrikov"]
[Black "karwowskikacper"]
[Result "1-0"]
[WhiteElo "2561"]
[BlackElo "2375"]
[TimeControl "180+1"]
[EndTime "10:42:22 PST"]
[Termination "marcodobrikov won by resignation"]

1. e4 c5 2. Nf3 e6 3. d4 cxd4 4. Nxd4 Nc6 5. Nc3 a6 6. Be3 Qc7 7. Bd3 Nf6 8. O-O h5 9. h3 Bd6 10. Nxc6 bxc6 11. f4 e5 12. f5 Qa5 13. Qe1 Bc5 14.
Bxc5 Qxc5+ 15. Kh2 Rb8 16. b3 O-O 17. Na4 Qe7 18.
c4 d5 19. cxd5 cxd5 20. exd5 Nxd5 21. Nc3 Nf6 22. Ne4 Bb7 23. Nxf6+ Qxf6 24. Be4 Rfd8 25. Qe2 Rd4 26. Bxb7 Rxb7 27. Rad1 Rxd1 28. Qxd1 h4 29. Qd5 Re7 30. Qe4 Rd7 31. a4 Rd4 32. Qe3 Qd6 33. f6 gxf6 34. Qh6 Rd2 35. Rxf6 Qd5 36. Qg5+ Kf8 37.
Rh6 Rxg2+ 38. Qxg2 Qd4 39. Rh8+ Ke7 40. Qg5+ f6 41.
Qg7+ Ke6 42. Re8+ Kf5 43. Qh7+ Kg5 44. Rg8+ 1-0

[Event "*** Titled Tuesday Blitz"]
[Site "Chess.com"]
[Date "2020.03.03"]
[Round "9"]
[White "MathiasWomacka"]
[Black "Art_Vandelay1980"]
[Result "1/2-1/2"]
[WhiteElo "2392"]
[BlackElo "2742"]
[TimeControl "180+1"]
[EndTime "10:42:30 PST"]
[Termination "Game drawn by agreement"]

1. e4 e5 2. Nf3 Nc6 3. Bc4 Nf6 4. d3 Be7 5. O-O O-O 6. Re1 d6 7. a4 Na5 8. Ba2 c5 9. c3 Nc6 10. Nbd2 h6 11. Nc4 Be6 12. Bd2 a6 13. b4 cxb4 14.
cxb4 d5 15. exd5 Nxd5 16. b5 axb5 17. axb5 Ncb4 18. Bb3 Nxd3 19. Rf1 e4 20. Rxa8 Qxa8 21. Nd4 N5f4 22. Bxf4 Nxf4 23. Nxe6 Nxe6 24. Qd5 Nc5 25. Bc2 Qa2 26. Bxe4 Rd8 27. Qf5 g6 28. Qe5 Bf8 29. Bd5 Qc2 30. Ne3 Qd3 31. Bc4 Qe4 32. Qxe4 Nxe4 33.
Bd5 Nc3 34. Bxb7 Nxb5 1/2-1/2

[Event "*** Titled Tuesday Blitz"]
[Site "Chess.com"]
[Date "2020.03.03"]
[Round "9"]
[White "Volodar_Murzin"]
[Black "Orest_Vovk"]
[Result "1-0"]
[WhiteElo "2699"]
[BlackElo "2542"]
[TimeControl "180+1"]
[EndTime "10:42:31 PST"]
[Termination "Volodar_Murzin won by resignation"]

1. e4 g5 2. d4 h6 3. h4 g4 4.
Qxg4 d5 5. Qe2 dxe4 6. Qxe4 Nf6 7. Qd3 Nc6 8. Nf3 Bg4 9. c3 Qd5 10. Nbd2 O-O-O 11. Qc4 Qh5 12. Nh2 e5 13. Nxg4 Qxg4 14. Be2 Qf5 15. d5 Rxd5 16. g4 Qd7 17. Ne4 Nxe4 18.
Qxe4 Bc5 19. g5 f5 20. gxf6 Kb8 21. Rg1 Rf8 22. Bxh6 Rxf6 23. Rg8+ Nd8 24. Bg5 Bxf2+ 25. Kf1 Qh3+ 26. Qg2 Qxg2+ 27. Kxg2 Rfd6 28. Kxf2 1-0

[Event "*** Titled Tuesday Blitz"]
[Site "Chess.com"]
[Date "2020.03.03"]
[Round "9"]
[White "MokshAD1603"]
[Black "IMRosen"]
[Result "0-1"]
[WhiteElo "2225"]
[BlackElo "2505"]
[TimeControl "180+1"]
[EndTime "10:42:33 PST"]
[Termination "IMRosen won by checkmate"]

1. d4 d5 2. c4 e6 3. Nc3 Nf6 4. Nf3 Be7 5. Bf4 O-O 6. e3 b6 7. Be2 dxc4 8. Bxc4 Bb7 9. O-O Nbd7 10. Qe2 Ne4 11. Rac1 Nxc3 12. Rxc3 c5 13. Ba6 Qc8 14. Bxb7 Qxb7 15. dxc5 Nxc5 16. b4 Na6 17. a3 Rac8 18.
Rd3 Nb8 19. h3 Rfd8 20. Rfd1 Nc6 21. Ne5 Nxe5 22. Bxe5 Rxd3 23. Rxd3 Rd8 24. Qg4 g6 25. Rxd8+ Bxd8 26. Qd4 Be7 27. Bh8 Bf8 28. Bf6 Qd5 29.
Qc3 Qd1+ 30. Kh2 Qd6+ 31. Be5 Qd7 32. a4 Qxa4 33. Qc8 Qxb4 34. Qb8 a5 35. Bd4 Qd6+ 36. Qxd6 Bxd6+ 37. g3 b5 38. Kg2 b4 39. Kf3 a4 40.
Ke2 b3 41. Kd3 Kf8 42. Kc3 Ke7 43. Kb2 f6 44. g4 Be5 45. Bxe5 fxe5 46. Ka3 e4 47.
Kb2 Kd6 48. Ka3 Kc5 49. Kxa4 b2 50. Ka3 b1=Q 51. Ka4 Qa2# 0-1

[Event "*** Titled Tuesday Blitz"]
[Site "Chess.com"]
[Date "2020.03.03"]
[Round "9"]
[White "Abdimalik_Abdisalimov"]
[Black "TigrVShlyape"]
[Result "1/2-1/2"]
[WhiteElo "2832"]
[BlackElo "2894"]
[TimeControl "180+1"]
[EndTime "10:42:35 PST"]
[Termination "Game drawn by agreement"]

1. Nf3 Nf6 2. d4 d5 3. c4 c6 4. Nc3 a6 5. c5 g6 6. Bf4 Nh5 7. Be5 Bg7 8. e3 O-O 9. Be2 Bg4 10. Bxg7 Kxg7 11. Ne5 Bxe2 12. Qxe2 Nd7 13. f4 Nhf6 14. O-O e6 15. b4 Nxe5 16. fxe5 Nd7 17. Qg4 Qe7 18. Ne2 f6 19. exf6+ Nxf6 20. Qg5 Rae8 21. Qe5 Kg8 22. Rf4 Nd7 23. Rxf8+ Rxf8 24. Qc7 Qf7 25. Qf4 e5 26. Qxf7+ Kxf7 27. Rf1+ Ke7 28. Rxf8 Nxf8 29. Kf2 Kf6 30. Kf3 Ne6 1/2-1/2

[Event "*** Titled Tuesday Blitz"]
[Site "Chess.com"]
[Date "2020.03.03"]
[Round "9"]
[White "Gordima"]
[Black "Alexander_Zubov"]
[Result "1-0"]
[WhiteElo "2788"]
[BlackElo "2899"]
[TimeControl "180+1"]
[EndTime "10:42:37 PST"]
[Termination "Gordima won by resignation"]

1. d4 Nf6 2. c4 e6 3. Nc3 Bb4 4. Qc2 d5 5. cxd5 exd5 6. Bg5 Qd6 7. e3 Ne4 8. Bf4 Qb6 9. Bd3 O-O 10. Ne2 Bf5 11. O-O Nxc3 12. bxc3 Bxd3 13. Qxd3 Bd6 14.
Rab1 Qc6 15. Bxd6 cxd6 16. Qb5 Nd7 17. Qxb7 Qxb7 18. Rxb7 Nb6 19. Rb1 Rfc8 20. g4 Kf8 21.
h4 Rc4 22. Rb4 Rc6 23. Kg2 h6 24. h5 Kg8 25. a4 Nc8 26. Nf4 Rxc3 27. Nxd5 Rc6 28. Rc7 Rxc7 29. Nxc7 a5 30. Rb5 Ra7 31. Nd5 Kh7 32. Rb8 Ne7 33. Nxe7 Rxe7 34. Rb5 Ra7 35. Rb6 Rc7 36. Ra6 Rc2 37. Rxa5 Ra2 38. Kg3 g5 39. hxg6+ Kxg6 40. Ra6 f6 41. Rxd6 Rxa4 42. f3 Ra8 43. Kf4 Ra4 44. e4 Kg7 45. Kf5 1-0

[Event "*** Titled Tuesday Blitz"]
[Site "Chess.com"]
[Date "2020.03.03"]
[Round "9"]
[White "Sankalp_Gupta2003"]
[Black "Gabix_94"]
[Result "1-0"]
[WhiteElo "2854"]
[BlackElo "2709"]
[TimeControl "180+1"]
[EndTime "10:42:38 PST"]
[Termination "Sankalp_Gupta2003 won by checkmate"]

1. e4 e5 2. Nf3 Nc6 3. d4 exd4 4.
Nxd4 Bc5 5. Nb3 Bb6 6. Nc3 Nf6 7. Qe2 a5 8. e5 O-O 9. exf6 Re8 10.
Be3 d5 11. O-O-O a4 12. Nd2 a3 13. Nde4 axb2+ 14. Kb1 d4 15. Qh5 Ra5 16. Ng5 Qxf6 17. Qxh7+ Kf8 18. Nce4 Qh6 19. Bd2 Rae5 20. Bd3 Bf5 21.
Qxh6 gxh6 22. Nf3 Rxe4 23. Bxe4 Bxe4 24. Bxh6+ Kg8 25. Rhe1 Re6 26. Ng5 Bxc2+ 27. Kxc2 Rxh6 28. Nf3 Kg7 29. Kxb2 Ba5 30. Re4 Bc3+ 31. Kb3 Na5+ 32. Kc2 Rc6 33. Ne5 Rb6 34. Rg4+ Kh6 35. Rd3 Rb2+ 36.
Kc1 Rxa2 37. Rh3# 1-0

[Event "*** Titled Tuesday Blitz"]
[Site "Chess.com"]
[Date "2020.03.03"]
[Round "9"]
[White "juniortay"]
[Black "ahkashefi2800"]
[Result "0-1"]
[WhiteElo "2465"]
[BlackElo "2144"]
[TimeControl "180+1"]
[EndTime "10:42:38 PST"]
[Termination "ahkashefi2800 won by resignation"]

1. e4 c5 2. Nf3 d6 3. d4 cxd4 4.
Qxd4 Nc6 5. Bb5 Bd7 6. Bxc6 Bxc6 7. Nc3 Nf6 8. Bg5 e6 9. O-O-O Be7 10. Rhe1 O-O 11.
e5 dxe5 12. Qh4 Qc7 13. Nxe5 Rfd8 14. Ng4 Nxg4 15. Bxe7 Rxd1+ 16. Rxd1 Nh6 17. Bd8 Qe5 18. f3 Nf5 19. Qf2 Qxh2 20. Bg5 Qg3 21. Qd2 h6 22. Bf4 Qg6 23. b3 Nh4 24. Qd4 Qxg2 25. Bxh6 Nf5 26. Rg1 Nxd4 27. Rxg2 g6 28. Rg3 Nf5 29. Rh3 Nxh6 30. Rxh6 Bxf3 31. Kd2 Kg7 32. Rh3 Bg4 33. Rg3 Bf5 34. Ne2 e5 35. c4 f6 36. Ng1 Rh8 37. Kc3 Be4 38. Kb4 f5 39. Kc5 f4 40.
Rg4 Bf5 41. Rg2 e4 42. Kd5 f3 43. Rf2 Rh1 44. Nxf3 exf3 45. Rxf3 Rh2 46. a4 Rb2 47.
Kd6 Bc2 0-1

[Event "*** Titled Tuesday Blitz"]
[Site "Chess.com"]
[Date "2020.03.03"]
[Round "9"]
[White "isla88"]
[Black "swayamsm"]
[Result "1/2-1/2"]
[WhiteElo "2312"]
[BlackElo "2465"]
[TimeControl "180+1"]
[EndTime "10:42:42 PST"]
[Termination "Game drawn - insufficient material"]

1. c4 Nf6 2. Nc3 g6 3. e4 Bg7 4. d4 d6 5. h3 O-O 6. Be3 c5 7. Nf3 Nc6 8. d5 Na5 9. Bd3 a6 10. O-O b5 11. cxb5 axb5 12. Bxb5 Qb6 13. b4 Nb7 14.
bxc5 Nxc5 15. Rb1 Qa5 16. Bc6 Qxc3 17. Bxa8 Ba6 18. Bc6 Bxf1 19. Qxf1 Nfxe4 20. Rc1 Qb2 21. Qc4 Nc3 22. Re1 Qxa2 23. Qxa2 Nxa2 24. Bxc5 dxc5 25. Rxe7 Nb4 26. Bb7 Rd8 27. Rc7 Nxd5 28. Rxc5 Nf4 29. Rc8 Rxc8 30. Bxc8 f5 31. h4 Kf7 32. g3 Ne2+ 33. Kf1 Nc3 34. h5 Bf6 35. hxg6+ hxg6 36. Ba6 g5 37. Bc4+ Kg6 38. Bd3 g4 39. Nd2 Kg5 40. f3 Be5 41. f4+ Bxf4 42. gxf4+ Kxf4 43. Nc4 Nd5 44. Ke2 Nb4 45. Bxf5 Kxf5 46. Ne3+ Kf4 47. Nxg4 1/2-1/2

[Event "*** Titled Tuesday Blitz"]
[Site "Chess.com"]
[Date "2020.03.03"]
[Round "9"]
[White "WeAintSurePal"]
[Black "FearNoEvil12"]
[Result "1-0"]
[WhiteElo "2311"]
[BlackElo "1990"]
[TimeControl "180+1"]
[EndTime "10:42:42 PST"]
[Termination "WeAintSurePal won on time"]

1. d4 b5 2. e4 a6 3. c4 Bb7 4. f3 bxc4 5. Nc3 e6 6. Bxc4 c5 7. Nge2 Qb6 8. d5 Nf6 9. O-O Be7 10. Kh1 exd5 11. Nxd5 Nxd5 12. Bxd5 Nc6 13. Ng3 O-O 14.
Nf5 Bf6 15. Be3 Rac8 16. b3 Rb8 17. Rc1 Nd4 18. Bxb7 Rxb7 19. Ng3 Rd8 20. Qd2 d5 21. Rfd1 Rbd7 22. Qf2 g6 23. exd5 Rxd5 24. Ne4 Bg7 25.
Rd2 f5 26. Nc3 R5d7 27. Rcd1 Qe6 28. Ne2 Nxe2 29. Qxe2 Bd4 30. Qc4 Qxc4 31. bxc4 Kf7 32. g3 Ke6 33. Bg5 Rb8 34. Be3 Rbb7 35. Bxd4 cxd4 36.
Rxd4 Rxd4 37. Rxd4 Rb1+ 38. Kg2 Rb2+ 39. Kh3 Rxa2 40.
c5 Rc2 41. Ra4 Rxc5 42. Rxa6+ Kd7 43. Kh4 f4 44. Ra7+ Ke6 45. Rxh7 fxg3 46. hxg3 Kf6 47.
Ra7 Rc1 48. Kg4 Rc4+ 49. f4 Rc5 50. Ra6+ Kg7 51. Re6 Rc3 52. Kh4 Rc5 53. g4 1-0

[Event "*** Titled Tuesday Blitz"]
[Site "Chess.com"]
[Date "2020.03.03"]
[Round "9"]
[White "ahachess"]
[Black "Komissarov_alex"]
[Result "1-0"]
[WhiteElo "2184"]
[BlackElo "1773"]
[TimeControl "180+1"]
[EndTime "10:42:42 PST"]
[Termination "ahachess won by resignation"]

1. d4 Nf6 2. c4 g6 3. Nc3 Bg7 4. e4 d6 5. Nf3 O-O 6. Be2 Na6 7. O-O e5 8. d5 Nc5 9. Qc2 a5 10. b3 Nh5 11. g3 f5 12. Bg5 Qe8 13. Nd2 f4 14. g4 f3 15. gxh5 fxe2 16. Nxe2 Bg4 17. f3 Bxh5 18. Ng3 h6 19. Be3 Bf6 20. Bxh6 Kh7 21.
Bxf8 Qxf8 22. Rf2 Bg5 23. Re1 Qh6 24. Ndf1 Rf8 25. Qe2 Bf4 26. Qd1 Qg5 27. Rg2 Qh4 28. Nxh5 Bg5 29. Nhg3 1-0

[Event "*** Titled Tuesday Blitz"]
[Site "Chess.com"]
[Date "2020.03.03"]
[Round "9"]
[White "TST2014"]
[Black "JSPrepz"]
[Result "0-1"]
[WhiteElo "2592"]
[BlackElo "2754"]
[TimeControl "180+1"]
[EndTime "10:42:45 PST"]
[Termination "JSPrepz won on time"]

1. d4 Nf6 2. c4 c5 3. d5 b5 4. cxb5 a6 5. bxa6 g6 6. Nc3 Bg7 7. a7 Rxa7 8. e4 O-O 9. Nf3 d6 10. Bb5 Qb6 11. a4 Ba6 12. O-O Nxe4 13. Bxa6 Nxc3 14.
bxc3 Qxa6 15. Qc2 Nd7 16. Re1 Nf6 17. c4 Nxd5 18. Ra3 Nb6 19. Nd2 Nxa4 20. Ne4 Rfa8 21. Bg5 Qc6 22. h4 Nb6 23. Rae3 Qa4 24. Qxa4 Nxa4 25.
Ng3 e6 26. Rd3 Bd4 27. Ne2 Nb2 28. Rb3 Nxc4 29. Nxd4 cxd4 30. Bf6 e5 31. Reb1 Ra1 32. g4 Rxb1+ 33. Rxb1 d3 34. Kg2 d2 35. Kf3 Nb2 36.
Ke2 d1=Q+ 37. Rxd1 Nxd1 38. Kxd1 Ra4 39. f3 Rf4 40.
Be7 Rxf3 41. Bxd6 Rd3+ 0-1

[Event "*** Titled Tuesday Blitz"]
[Site "Chess.com"]
[Date "2020.03.03"]
[Round "9"]
[White "ShahMatKanal"]
[Black "cottage_cheese"]
[Result "1-0"]
[WhiteElo "2493"]
[BlackElo "2296"]
[TimeControl "180+1"]
[EndTime "10:42:45 PST"]
[Termination "ShahMatKanal won by checkmate"]

1. Nf3 c5 2. c4 Nc6 3. b3 g6 4. Bb2 Nf6 5. Bxf6 exf6 6. Nc3 Bg7 7. g3 O-O 8. Bg2 f5 9. O-O d6 10. Nd5 Ne7 11. Rc1 Nxd5 12. cxd5 a5 13. a4 Bd7 14. d4 b6 15. Qd3 Qe7 16. dxc5 bxc5 17. Nd2 Rfb8 18.
Nc4 Rb4 19. Rfe1 Bc8 20. e4 fxe4 21. Rxe4 Qd8 22. g4 f5 23. Re6 Bxe6 24. dxe6 Ra7 25. gxf5 gxf5 26. Bd5 Re7 27. Kh1 Kh8 28. Rg1 Qf8 29.
Qg3 Rxc4 30. bxc4 Be5 31. Qg5 Rg7 32. e7 Qe8 33. Qh4 Rxg1+ 34. Kxg1 Qg6+ 35. Kf1 Qe8 36. Qg5 Qxa4 37. Qg8# 1-0